 Dungeon Crawl Stone Soup version 0.30.1-3-gfc49f6343a (webtiles) character file.

Game seed: 14739738963031880417

184 javelincjr the Trooper (level 5, -5/42 HPs)
             Began as a Demonspawn Fighter on July 21, 2023.
             Killed from afar by an orc wizard (11 damage)
             ... with a magic dart
             ... on level 4 of the Dungeon.
             The game lasted 00:09:17 (2132 turns).

javelincjr the Trooper (Demonspawn Fighter)         Turns: 2132, Time: 00:09:19

Health: -5/42      AC:  6    Str: 18    XL:     5   Next: 36%
Magic:  5/5        EV:  9    Int:  9    God:
Gold:   171        SH:  5    Dex: 13    Spells: 4/4 levels left

rFire   . . .        a - +0 war axe
rCold   . . .        c - +0 buckler
rNeg    . . .        b - +0 scale mail
rPois   .            (helmet restricted)
rElec   .            (no cloak)
rCorr   .            (no gloves)
SInv    .            (no boots)
Will    .....        j - amulet of the acrobat Stlth
                     (no ring)
HPRegen 0.27/turn    (no ring)
MPRegen 0.09/turn

%: acrobat
@: no status effects
A: horns 1, ignite blood 1
a: no special abilities


You were on level 4 of the Dungeon.
You visited 1 branch of the dungeon, and saw 4 of its levels.

You collected 171 gold pieces.

Inventory:

Hand Weapons
 a - a +0 war axe (weapon)
 v - a +1 rapier of freezing
 w - a +0 whip of draining
 y - a +1 long sword of draining
 z - the +4 sling "Pukirimp" {flame, rElec Int-3 SInv}
   (You found it on level 3 of the Dungeon)

   Int:       It affects your intelligence (-3).
   rElec:     It insulates you from electricity.
   SInv:      It lets you see invisible.
Missiles
 f - 4 datura-tipped darts (quivered)
 r - 3 poisoned darts
 x - 2 throwing nets
Armour
 b - a +0 scale mail (worn)
 c - a +0 buckler (worn)
Jewellery
 j - an amulet of the acrobat (around neck)
Scrolls
 h - a scroll of fear {unknown}
 l - 2 scrolls of identify {unknown}
 m - a scroll of noise {unknown}
 o - a scroll of immolation {unknown}
 p - a scroll of enchant weapon {unknown}
 q - a scroll of amnesia {unknown}
 t - a scroll of teleportation {unknown}
 u - a scroll of acquirement {unknown}
Potions
 d - 2 potions of might
 e - a potion of berserk rage {unknown}
 g - a potion of brilliance {unknown}
 i - 5 potions of curing {unknown}
 k - 2 potions of heal wounds {unknown}
 n - a potion of degeneration {unknown}
 s - a potion of flight {unknown}


   Skills:
 * Level 4.0 Fighting
 - Level 2.6(2.7) Axes
 + Level 0.4(1.7) Maces & Flails
 + Level 0.3 Ranged Weapons
 * Level 3.6 Armour
 + Level 0.5 Dodging
 + Level 3.4 Shields


You had 4 spell levels left.
You didn't know any spells.
Your spell library contained the following spells:

 Spells                   Type           Power      Damage    Failure   Level
 Animate Dead             Necr           0%         N/A       100%        4
 Borgnjor's Vile Clutch   Necr/Erth      0%         N/A       100%        5
 Death Channel            Necr           0%         N/A       100%        6


Dungeon Overview and Level Annotations

Branches:
Dungeon (4/15)
 Temple: D:4-7

Altars:
Ashenzari
Trog
Wu Jian
Yredelemnul

Shops:
D:1 *

Portals:
Abyss: D:3

Annotations:
D:3 2 transporters, TrollFarmer's ghost, amateur DjFE


Innate Abilities, Weirdness & Mutations

You have a pair of small horns on your head.
Your demonic aura sometimes causes spilled blood to erupt in flames.


Message History

a - a +0 war axe (weapon)
The orc priest shouts!
The orc completely misses you. The orc priest completely misses you.
Something barely misses you. The orc wizard casts a spell at you.
The puff of flame hits you!
Deactivating autopickup; reactivate with Ctrl-A.
You closely miss something. You headbutt something!
You closely miss the orc wizard. You hit the orc. You slash the orc priest!
The orc barely misses you. The orc priest barely misses you.
Something hits you.
The orc priest miscasts a cantrip.
The orc wizard hits you with a +0 dagger.
The orc wizard hits you but does no damage.
The orc barely misses you.
The orc priest calls down the wrath of Beogh upon you.
Pain shoots through your body!
You hear some strange, mumbled words.
A magic dart appears from out of thin air!
The magic dart hits you!
You closely miss something. Your headbutt misses something.
You barely miss the orc wizard. You closely miss the orc.
You completely miss the orc priest. The orc hits you with a +0 hand axe.
The orc priest hits you with a +0 whip. Something hits you.
The orc wizard hits you with a +0 dagger.
* * * LOW HITPOINT WARNING * * *
You closely miss the orc priest.
The orc priest is heavily wounded.
You barely miss something. You hit the orc wizard. You hit the orc.
You kill the orc!
The orc priest misses you. You block something's attack.
The orc wizard hits you with a +0 dagger.
* * * LOW HITPOINT WARNING * * *
You hear some strange, mumbled words.
A puff of flame appears from out of thin air!
The puff of flame hits you.
* * * LOW HITPOINT WARNING * * *
The orc wizard gestures at you while chanting.
The magic dart hits you!
You die...

### ## #.## #.# ##.# #.#
#.## ##.# #..## ##.#
##...####..# ##..........#
.######.<.........# ##
........)@........#######.
........o{o.........##....
#........o.(....†.......##
#......................##
####..................##
###.........###.....#
##.......## ###...##
##......# ###..## #..$....
##..#


You could see 2 orc priests and an orc wizard.

Vanquished Creatures
  A hound (D:4)
  An iguana (D:4)
  4 gnolls (D:3)
  4 adders
  2 worms
  A dart slug (D:1)
  2 orcs
  4 bats
  2 endoplasms
  3 giant cockroaches
  3 goblins
  5 hobgoblins
  4 quokkas
  3 ball pythons
  3 frilled lizards
  7 kobolds
  6 rats
55 creatures vanquished.

Notes
Turn   | Place    | Note
-------+----------+-------------------------------------------
     0 | D:1      | javelincjr the Demonspawn Fighter began the quest for the
                  | Orb.
     0 | D:1      | Reached XP level 1. HP: 18/18 MP: 1/1
   129 | D:1      | Gained mutation: You have a pair of small horns on your
                  | head. [demonic ancestry]
   129 | D:1      | Reached XP level 2. HP: 24/24 MP: 2/2
   204 | D:1      | Found Latepp's Assorted Antiques.
   459 | D:1      | Found a faded altar of an unknown god.
   473 | D:1      | Found a faded altar of an unknown god.
   763 | D:2      | Reached XP level 3. HP: 27/29 MP: 3/3
   982 | D:2      | Found an ornate altar of the Wu Jian Council.
  1155 | D:3      | Found a basalt altar of Yredelemnul.
  1296 | D:3      | Found a bloodstained altar of Trog.
  1396 | D:3      | Found a broken altar of Ashenzari.
  1482 | D:3      | Reached XP level 4. HP: 35/35 MP: 4/4
  1652 | D:3      | Found a one-way gate to the infinite horrors of the Abyss.
  1652 | D:3      | Noticed TrollFarmer's ghost (amateur DjFE)
  1657 | D:3      | Found a transporter.
  1664 | D:3      | Noticed a kobold brigand
  1686 | D:3      | Identified the +4 sling "Pukirimp" {flame, rElec Int-3
                  | SInv}
  1779 | D:3      | Found a glowing drain.
  1905 | D:3      | Found a transporter.
  1968 | D:4      | Gained mutation: Your demonic aura sometimes causes spilled
                  | blood to erupt in flames. [demonic ancestry]
  1968 | D:4      | Reached XP level 5. HP: 28/42 MP: 5/5
  2066 | D:4      | Reached skill level 4 in Fighting
  2132 | D:4      | Killed from afar by an orc wizard

Illustrated notes

Levels and vault maps discovered:
D:1:      dpeg_arrival_pits, layout_basic,
          hellmonk_ecumenical_altar_the_god_not_taken, serial_shops,
          nicolae_shop_behind_doors
D:2:      layout_rooms, basic_altar, chequers_garden
D:3:      layout_basic, mainiacjoe_overflow_chevrons, evilmike_ruin_ashenzari,
          general_overflow_altar, portal_sewer_entry_d,
          gammafunk_ghost_abyssal_escape, dreamdust_mushroom_princess
D:4:      layout_layer_cave, nzn_hepliaklqana_mist_gate, minmay_box_of_dots

Skill      XL: |  1  2  3  4  5 |
---------------+----------------+-----
Axes           | 2 |  2.6
Armour         | 3 |  3.6
Shields        | 3 |  3.4
Fighting       | 4 |  4.0
Maces & Flails | |  0.4
Ranged Weapons | |  0.3
Dodging        | |  0.5

Action                     |  1- 3 |  4- 6 || total
---------------------------+-------+-------++-------
  Melee: War axe           |   113 |     9 ||   122
         Headbutt          |    16 |     3 ||    19
         Rapier            |     3 |       ||     3
         Whip              |       |    13 ||    13
   Fire: Sling             |       |    27 ||    27
 Armour: Scale mail        |    59 |    14 ||    73
  Dodge: Dodged            |    56 |    27 ||    83
  Block: Buckler           |    32 |    10 ||    42
